 Dungeon Crawl Stone Soup version 0.17-a0-1731-g129c023 (webtiles) character file.

883 esc the Skirmisher (level 8, -2/51 HPs)
             Began as a Gargoyle Gladiator on Aug 29, 2015.
             Killed from afar by an orc wizard (10 damage)
             ... with a puff of flame
             ... on level 5 of the Dungeon.
             The game lasted 00:12:51 (3698 turns).

esc the Skirmisher (Gargoyle Gladiator)             Turns: 3698, Time: 00:12:51

Health: -2/51      AC: 10    Str: 19    XL:     8   Next: 5%
Magic:  8/8        EV: 13    Int:  9    God:
Gold:   203        SH:  0    Dex: 12    Spells: 0 memorised, 7 levels left

rFire  . . .     SeeInvis .     a - +0 quarterstaff
rCold  . . .     Clarity  .     b - +0 leather armour
rNeg   + . .     SustAt   .     (no shield)
rPois  ∞         Gourm    .     c - +0 helmet
rElec  +         Spirit   .     (no cloak)
rCorr  .         Warding  .     j - +0 pair of gloves
rMut   .         Stasis   .     (no boots)
MR     .....                    (no amulet)
Stlth  +.........               (no ring)
                                (no ring)

@: very slightly contaminated, not resistant to hostile enchantments, very
unstealthy
A: negative energy resistance 1, electricity resistance, unbreathing,
petrification resistance, rot immunity, AC +5
a: no special abilities


You were on level 5 of the Dungeon.
You were not hungry.

You visited 1 branch of the dungeon, and saw 5 of its levels.
You also visited: Sewer.

You collected 203 gold pieces.

Inventory:

Hand weapons
 a - a +0 quarterstaff (weapon)
 r - a +0 hand axe of flaming
   (You took it off an orc on level 3 of the Dungeon)
 y - a cursed -2 whip
   (You found it on level 3 of the Dungeon)
 z - a +0 blowgun
   (You took it off a kobold on level 3 of the Dungeon)
 E - a +1 dagger of flaming
   (You took it off an orc wizard on level 4 of the Dungeon)
 F - a +2 hand axe of distortion {!w}
   (You took it off an orc on level 4 of the Dungeon)
Missiles
 d - 2 throwing nets (quivered) {=f, !d}
 A - 9 poisoned needles
Armour
 b - a +0 leather armour (worn)
 c - a +0 helmet (worn)
 j - a +0 pair of gloves (worn)
   (You found it on level 1 of the Dungeon)
 D - a +3 ring mail
   (You took it off an orc priest on level 4 of the Dungeon)
Magical devices
 g - a wand of heal wounds (0)
   (You found it on level 2 of the Dungeon)
 m - a wand of enslavement (18)
   (You found it on level 3 of the Dungeon)
Scrolls
 h - 3 scrolls of remove curse
 i - 4 scrolls of teleportation
Potions
 k - a potion of cancellation
 l - a potion of flight
 n - 2 potions of cure mutation {!q}
 o - a potion of poison {unknown}
 p - 5 potions of haste {unknown}
 q - 2 potions of mutation {unknown}
 t - a potion of magic {unknown}
 B - a potion of brilliance {unknown}
 C - a potion of degeneration {unknown}
Books
 x - a book of Cantrips
   (You found it on level 3 of the Dungeon)
Comestibles
 e - 3 bread rations {@e1}
 s - 2 chunks of flesh {@w0}
 u - 2 meat rations {@e2}
 v - a beef jerky
 w - 4 fruits


   Skills:
 + Level 5.9 Fighting
 + Level 5.9 Staves
 - Level 2.0 Throwing
 + Level 4.9 Dodging


You had 7 spell levels left.
You didn't know any spells.

Dungeon Overview and Level Annotations

Branches:
Dungeon (5/15)
 Temple: D:4-7

Altars:
Kikubaaqudgha


Innate Abilities, Weirdness & Mutations

You are resistant to torment.
Your stone body is resilient (AC +5).
You are immune to poison.
You resist negative energy.
You are resistant to electric shocks.
You can survive without breathing.
You are immune to petrification.
You are immune to rotting.


Message History

Some of the chunks of flesh in your inventory have rotted away.
You see here a leather armour.
You open the door.
There is an open door here.
You open the door.
There is an open door here.
Done exploring.
There is an open door here.
There is an open door here.
Things that are here:
a club; a leather armour Some of the chunks of flesh in your inventory have rotted away.
There is a stone staircase leading down here.
You climb downwards.
An orc comes into view.
There is a stone staircase leading up here.
An orc wizard comes into view. It is wielding a dagger of venom.
The orc shouts!
An ogre comes into view. It is wielding a giant spiked club.
The ogre shouts!
You hear a shout!
You hear a shout! 2 orcs come into view.
You hit the ogre but do no damage. You barely miss the ogre.
The ogre barely misses you.
The orc moves out of view.
You sock the ogre!
The ogre hits you with a giant spiked club!!
Ouch! That really hurt!
The orc wizard gestures wildly while chanting.
The orc wizard flickers and vanishes!
Deactivating autopickup; reactivate with Ctrl-A.
You take 31 damage, and have 14/45 hp.
MASSIVE DAMAGE!!
Drink which item? (? for menu, Esc to quit)
Okay, then.
Read which item? (? for menu, Esc to quit)
Okay, then.
Drink which item? (? for menu, Esc to quit)
You fade into invisibility!
The ogre closely misses you.
You are very lightly contaminated with residual magic.
You sock the ogre! You completely miss the ogre. The ogre barely misses you.
You hit the ogre.
The orc throws a stone.
The ogre completely misses you.
You hit the ogre.
You kill the ogre!
You have reached level 8!
You feel clever.
A magic dart appears from out of thin air!
The magic dart hits the orc.
The orc dies!
MP restored: 8 You sock the orc!
The orc barely misses you.
You completely miss the orc.
The orc throws a stone.
The stone hits the orc but does no damage.
You miss something.
The orc throws a stone.
The stone barely misses you.
You closely miss something. Something hits you but does no damage.
You hit something.
The orc throws a stone.
The stone completely misses the orc.
You catch the helpless orc completely off-guard!
You hit the orc but do no damage.
You flicker for a moment.
The orc throws a stone.
The stone hits the orc.
Something barely misses you. The orc closely misses you.
You catch the helpless orc completely off-guard!
You sock the orc!
You kill the orc!
The orc throws a stone.
The stone hits you but does no damage.
You hear some strange, mumbled words.
A magic dart appears from out of thin air!
The magic dart hits you!
* * * LOW HITPOINT WARNING * * *
You take 3 damage, and have 13/51 hp.
The orc throws a stone.
The stone closely misses you. Something barely misses you.
Items here: ! ( )) [ a club; a leather armour; 3 stones; a giant spiked club; an inky potion You are too injured to fight recklessly!
You are too injured to fight recklessly!
Unknown command.
You closely miss something.
The orc throws a stone.
The stone closely misses you. Something hits you but does no damage.
Some of the chunks of flesh in your inventory have rotted away.
You closely miss something. Something barely misses you.
You closely miss something. The orc closely misses you.
Something hits you but does no damage.
You closely miss something.
You flicker back into view.
The orc closely misses you.
You hear some strange, mumbled words.
A magic dart appears from out of thin air!
The magic dart hits you!
* * * LOW HITPOINT WARNING * * *
You take 2 damage, and have 11/51 hp.
You miss something. The orc closely misses you.
Something hits you but does no damage.
You closely miss something. The orc hits you.
* * * LOW HITPOINT WARNING * * *
You hear some strange, mumbled words.
A puff of flame appears from out of thin air!
The puff of flame hits you!
You die...

###...
....#
....# #
##(..##.#
#.(.....#
#<..#
#.#.#
#({.#
#@#.#
#.o#.#
##(# #
... #.#
#.# ...
...


You could see an orc.

Vanquished Creatures
  Grinder (D:3)
  Menkaure (D:4)
  An ogre (D:5)
  2 hounds (D:4)
  2 orc wizards (D:4)
  3 orc priests
  Terence (D:3)
  An iguana (D:4)
  A worker ant (D:4)
  The ghost of 4thArraOfDagon the Chopper, a weakling MiBe of Trog (D:4)
  7 adders
  A river rat (Sewer)
  2 adder skeletons (D:4)
  3 worms
  3 giant geckos
  7 orcs
  5 ball pythons
  7 bats
  8 giant cockroaches
  12 goblins
  5 hobgoblins
  8 kobolds
  5 quokkas
  8 giant newts
  6 jackals (D:1)
  10 rats
111 creatures vanquished.

Vanquished Creatures (collateral kills)
  A ball python (D:3)
1 creature vanquished.

Vanquished Creatures (others)
  An orc (D:5)
1 creature vanquished.

Grand Total: 113 creatures vanquished

Notes
Turn   | Place    | Note
--------------------------------------------------------------
     0 | D:1      | esc the Gargoyle Gladiator began the quest for the Orb.
     0 | D:1      | Reached XP level 1. HP: 12/12 MP: 1/1
   327 | D:1      | Reached XP level 2. HP: 12/18 MP: 2/2
   803 | D:1      | Reached XP level 3. HP: 20/22 MP: 3/3
  1128 | D:2      | Reached skill level 3 in Fighting
  1572 | D:2      | Reached XP level 4. HP: 28/28 MP: 4/4
  2045 | D:3      | Noticed Terence
  2058 | D:3      | Killed Terence
  2058 | D:3      | Reached skill level 4 in Staves
  2058 | D:3      | Reached skill level 3 in Dodging
  2080 | D:3      | Found an ancient bone altar of Kikubaaqudgha.
  2248 | D:3      | HP: 7/28 [giant newt (2)]
  2249 | D:3      | Noticed Grinder
  2250 | D:3      | HP: 2/28 [orc/mace (3)]
  2252 | D:3      | Reached XP level 5. HP: 31/33 MP: 5/5
  2260 | D:3      | Paralysed by Grinder for 6 turns
  2272 | D:3      | Paralysed by Grinder for 5 turns
  2278 | D:3      | Killed Grinder
  2278 | D:3      | Reached skill level 4 in Fighting
  2278 | D:3      | Reached XP level 6. HP: 13/39 MP: 6/6
  2554 | D:3      | Found a glowing drain.
  2558 | Sewer    | Entered a sewer
  2630 | Sewer    | Reached skill level 5 in Staves
  2919 | D:4      | Noticed Menkaure
  2930 | D:4      | Killed Menkaure
  2930 | D:4      | Reached skill level 5 in Fighting
  2930 | D:4      | Reached skill level 4 in Dodging
  2930 | D:4      | Reached XP level 7. HP: 44/44 MP: 7/7
  3093 | D:4      | Noticed 4thArraOfDagon's ghost (weakling MiBe)
  3106 | D:4      | Killed 4thArraOfDagon's ghost
  3351 | D:4      | HP: 11/45 [orc wizard/dagger of flaming (1)]
  3674 | D:5      | Entered Level 5 of the Dungeon
  3684 | D:5      | Reached XP level 8. HP: 15/51 MP: 8/8
  3696 | D:5      | HP: 11/51 [something/magic dart (2)]
  3698 | D:5      | Killed from afar by an orc wizard

Vault maps used:
D:1:      dpeg_arrival_rooms_with_view, roderic_roman_lattice
D:3:      nicolae_overflow_hidden_temple, gup_sewer_entry_spiral, first_bread,
          uniq_terence, uniq_grinder
D:4:      uniq_menkaure
D:5:      grunt_dithmenos_smoke
Sewer:    sewer_co_cracked_pipes

Action                   |  1- 3 |  4- 6 |  7- 9 || total
-------------------------+-------+-------+-------++-------
Melee: Quarterstaff      |   152 |   192 |   159 ||   503
Throw: Throwing net      |       |     2 |       ||     2
Evoke: Wand              |       |     2 |     1 ||     3
  Use: Scroll            |     7 |     3 |     2 ||    12
       Potion            |       |       |     3 ||     3
 Stab: Invisible         |       |       |     4 ||     4
       Sleeping          |       |       |     1 ||     1
  Eat: Chunk             |     2 |     5 |     3 ||    10

Vault maps used:
D:1:      dpeg_arrival_rooms_with_view, roderic_roman_lattice
D:3:      nicolae_overflow_hidden_temple, gup_sewer_entry_spiral, first_bread,
          uniq_terence, uniq_grinder
D:4:      uniq_menkaure
D:5:      grunt_dithmenos_smoke
Sewer:    sewer_co_cracked_pipes

Table legend:
 A = Turns spent in this place as a percentage of turns spent in the entire game.
 B = Non-inter-level travel turns spent in this place as a percentage of non-inter-level travel turns spent in the entire game.
 C = Inter-level travel turns spent in this place as a percentage of turns spent in this place.
 D = Turns resting spent in this place as a percentage of non-inter-level travel turns spent in this place.
 E = Turns spent auto-exploring this place as a percentage of non-inter-level travel turns spent in this place.
 F = Non-inter-level travel turns spent in this place divided by the number of levels of this place that you've seen.
                   A       B       C       D       E      F
               +-------+-------+-------+-------+-------+----------------------
         Total | 100.0 | 100.0 |   0.3 |   0.3 |   7.5 | 252.0
       Dungeon |  88.2 |  88.2 |   0.4 |   0.3 |   7.4 | 266.6
         Sewer |  11.8 |  11.8 |   0.0 |   0.0 |   8.4 | 179.0
               +-------+-------+-------+-------+-------+----------------------

Table legend:
 A = Kills in this place as a percentage of kills in entire the game.
 B = Kills by you in this place as a percentage of kills by you in the entire game.
 C = Kills by friends in this place as a percentage of kills by friends in the entire game.
 D = Other kills in this place as a percentage of other kills in the entire game.
 E = Experience gained in this place as a percentage of experience gained in the entire game.
 F = Experience gained in this place divided by the number of levels of this place that you have seen.
                   A       B       C       D       E      F
               +-------+-------+-------+-------+-------+----------------------
         Total | 100.0 | 100.0 | 100.0 |  -nan | 100.0 | 210.3
       Dungeon |  89.3 |  89.2 | 100.0 |  -nan |  97.1 | 245.2
         Sewer |  10.7 |  10.8 |   0.0 |  -nan |   2.9 |  36.0
               +-------+-------+-------+-------+-------+----------------------
